 Dungeon Crawl Stone Soup version 0.27-a0-1456-gf5a116941d (webtiles) character file.

Game seed: 16714748644166820257

86029 tilp the Convoker (level 15, -6/120 HPs)
             Began as a Barachi Summoner on July 6, 2021.
             Was the Champion of Okawaru.
             Mangled by a spriggan defender simulacrum (33 damage)
             ... in an ice cave.
             The game lasted 01:25:12 (43782 turns).

tilp the Convoker (Barachi Summoner)               Turns: 43782, Time: 01:25:13

Health: -6/120     AC: 21    Str: 14    XL:     15   Next: 85%
Magic:  8/27       EV: 12    Int: 21    God:    Okawaru [******]
Gold:   2955       SH:  7    Dex: 16    Spells: 13/30 levels left

rFire    + . .     SeeInvis +   a - +7 eveningstar (freeze)
rCold    . . .     Faith    +   n - +2 buckler {rPois}
rNeg     + + .     Spirit   .   V - +0 pearl dragon scales of Jiroucw {rPois rF+ rN+ Stlth+}
rPois    +         Reflect  .   d - +2 helmet
rElec    .         Harm     .   Q - scarf {shadows}
rCorr    .         Rampage  .   (no gloves)
Will     +....                  k - +1 pair of boots
Stlth    +++.......             L - amulet of faith
HPRegen  0.30/turn              b - ring of Foiloj {rN+ Int+3 Dex+4 SInv Stlth+}
MPRegen  0.20/turn              o - +4 ring of protection

@: finesse-ful, slow
A: amphibious, slowness 1, strong legs 2, +LOS
a: Hop, Renounce Religion, Heroism, Finesse


You were in an ice cave.
You worshipped Okawaru.
Okawaru was exalted by your worship.
You visited 3 branches of the dungeon, and saw 23 of its levels.
You visited the Abyss 1 time.
You also visited: Ice Cave.

You collected 2955 gold pieces.

Inventory:

Hand Weapons
 a - a +7 eveningstar of freezing (weapon)
Missiles
 h - 104 poisoned darts (quivered)
 J - 5 curare-tipped darts
 P - 3 throwing nets
Armour
 d - a +2 helmet (worn)
 g - the +8 storm dragon scales "Otouk" {rElec rPois Stlth+}
   (Okawaru gifted it to you on level 2 of the Orcish Mines)

   rElec:     It insulates you from electricity.
   rPois:     It protects you from poison.
   Stlth:     It makes you more stealthy.
 k - a +1 pair of boots (worn)
 n - a +2 buckler of poison resistance (worn)
 B - a +0 cloak
 N - the +0 pair of gloves of Parlour Games {Fly rC+ rCorr}
   (Okawaru gifted it to you on level 2 of the Abyss)

   rC:        It protects you from cold.
   Fly:       It grants you flight.
   rCorr:     It protects you from acid and corrosion.
 Q - a scarf of shadows (worn)
 R - a scarf of resistance
 V - the +0 pearl dragon scales of Jiroucw (worn) {rPois rF+ rN+ Stlth+}
   (Okawaru gifted it to you on level 4 of the Lair of Beasts)

   rF:        It protects you from fire.
   rPois:     It protects you from poison.
   rN:        It protects you from negative energy.
   Stlth:     It makes you more stealthy.
Jewellery
 b - the ring of Foiloj (left hand) {rN+ Int+3 Dex+4 SInv Stlth+}
   (You took it off an ogre mage on level 13 of the Dungeon)

   [ring of see invisible]

   Int:       It affects your intelligence (+3).
   Dex:       It affects your dexterity (+4).
   rN:        It protects you from negative energy.
   SInv:      It lets you see invisible.
   Stlth:     It makes you more stealthy.
 o - a +4 ring of protection (right hand)
 E - a ring of fire
 G - a ring of ice
 H - a ring of willpower
 L - an amulet of faith (around neck)
 U - a ring of resist corrosion
Wands
 j - a wand of polymorph (35)
 m - a wand of acid (13)
 p - a wand of charming (18)
 q - a wand of flame (63)
 t - a wand of digging (12)
 u - a wand of iceblast (40)
 A - a wand of mindburst (12)
Scrolls
 c - 3 scrolls of teleportation
 v - 7 scrolls of amnesia
 y - 2 scrolls of silence
 C - a scroll of blinking
 F - 4 scrolls of fog
 X - 8 scrolls of identify
Potions
 e - a potion of magic
 f - 9 potions of curing
 r - 2 potions of ambrosia
 s - 5 potions of mutation
 w - 2 potions of cancellation
 x - 5 potions of attraction
 z - 2 potions of might
 D - 2 potions of resistance
 I - 2 potions of haste
 M - 2 potions of berserk rage
 O - a potion of flight
 S - 5 potions of invisibility
 T - 2 potions of lignification
Miscellaneous
 i - a phial of floods
 K - a condenser vane
 Z - a phantom mirror


   Skills:
 - Level 12.0 Fighting
 - Level 12.0 Maces & Flails
 - Level 4.0 Armour
 - Level 8.0 Dodging
 - Level 4.0 Stealth
 - Level 4.0 Shields
 - Level 8.0 Spellcasting
 + Level 15.5 Summonings
 - Level 6.0 Air Magic
 + Level 5.7 Earth Magic
 + Level 11.0 Invocations
 + Level 7.2 Evocations


You had 13 spell levels left.
You knew the following spells:

 Your Spells              Type           Power      Damage    Failure   Level
a - Summon Small Mammal   Summ           100%       N/A       1%          1
b - Call Imp              Summ           65%        N/A       1%          2
c - Call Canine Familiar  Summ           65%        N/A       1%          3
d - Summon Guardian Gole  Hex/Summ       41%        N/A       5%          3
e - Summon Lightning Spi  Summ/Air       52%        N/A       4%          4
f - Animate Armour        Summ/Erth      100%       N/A       5%          4

Your spell library contained the following spells:

 Spells                   Type           Power      Damage    Failure   Level
 Swiftness                Air            33%        N/A       11%         3
 Passwall                 Tmut/Erth      16%        N/A       21%         2
 Stone Arrow              Conj/Erth      40%        3d9       36%         3
 Beastly Appendage        Tmut           16%        N/A       38%         1
 Corona                   Hex            8%         N/A       38%         1
 Foxfire                  Conj/Fire      32%        2x1d5     38%         1
 Pain                     Necr           32%        1d5       38%         1
 Mephitic Cloud           Conj/Pois/Air  16%        N/A       50%         3
 Ensorcelled Hibernation  Hex/Ice        16%        N/A       54%         2
 Sublimation of Blood     Necr           4%         N/A       54%         2
 Wereblood                Tmut           8%         N/A       54%         2
 Conjure Flame            Conj/Fire      8%         6-21      77%         3
 Dazzling Flash           Conj/Hex       16%        N/A       77%         3
 Ignite Poison            Fire/Tmut/Pois 8%         N/A       77%         3
 Inner Flame              Hex/Fire       8%         N/A       77%         3
 Spider Form              Tmut/Pois      4%         N/A       77%         3
 Tukima's Dance           Hex            8%         N/A       77%         3
 Leda's Liquefaction      Hex/Erth       10%        N/A       78%         4
 Petrify                  Tmut/Erth      20%        N/A       78%         4
 Silence                  Hex/Air        10%        N/A       98%         5
 Fulminant Prism          Conj/Hex       4%         3d6       99%         4
 Hailstorm                Conj/Ice       8%         3d4       99%         4
 Ice Form                 Ice/Tmut       8%         N/A       99%         4
 Olgreb's Toxic Radiance  Pois           8%         N/A       99%         4
 Bolt of Magma            Conj/Fire/Erth 8%         4d6       99%         5
 Agony                    Necr           8%         N/A       100%        5
 Blade Hands              Tmut           4%         N/A       100%        5
 Excruciating Wounds      Necr           4%         N/A       100%        5
 Irradiate                Conj/Tmut      4%         3d15      100%        5
 Invisibility             Hex            4%         N/A       100%        6
 Iron Shot                Conj/Erth      10%        9d3       100%        6
 Simulacrum               Ice/Necr       4%         N/A       100%        6
 Ozocubu's Refrigeration  Ice            4%         4d5       100%        7
 Borgnjor's Revivificati  Necr           4%         N/A       100%        8
 Ignition                 Fire           4%         3d4       100%        8
 Chain Lightning          Conj/Air       10%        3d14      100%        9
 Fire Storm               Conj/Fire      4%         8d1       100%        9
 Shatter                  Erth           16%        3d15*     100%        9


Dungeon Overview and Level Annotations

Branches:
Dungeon (15/15)            Temple (0/1) D:4            Lair (6/6) D:8
  Swamp (0/4) Lair:2        Snake (0/4) Lair:2        Slime (0/5) Lair:6
    Orc (2/2) D:10            Elf (0/3) Orc:2        Vaults (0/5) D:13
 Depths (0/5) D:15          IceCv (1/1)

Altars:
Cheibriados
Dithmenos
Elyvilon
Gozag
Hepliaklqana
Kikubaaqudgha
Okawaru
Ru
Sif Muna
Trog
Uskayaw
Wu Jian
Xom
Zin
The Shining One

Shops:
D:5 *   Orc:2 *[((

Annotations:
D:13 1 runed translucent door, Maiqeb's ghost, journeyman TeSu
D:14 2 transporters, bmj180's ghost, journeyman DrCj
Lair:3 2 transporters, Hyuhua's ghost, journeyman MiBe
Lair:4 exclusion: 2 oklob plants
Orc:2 exclusions: 2 hell hounds, 2 orcs, orc priest and orc wizard


Innate Abilities, Weirdness & Mutations

You are amphibious.
You cover ground slowly.
You can hop long distances.
You have an extended range of vision and can be seen from far away.


Message History

Items here: ) [[ †.
Okay, then.
There is a frozen archway here.
The world spins around you as you enter the gateway.
You enter an ice cave! 4 simulacra come into view.
Found an ice covered gate leading back out of this place.
There is an ice choked empty arch of ancient stone here.
Unknown command.
The spriggan defender simulacrum barely misses you.
The spriggan defender simulacrum hits you but does no damage.
You block the spriggan defender simulacrum's attack.
The spriggan defender simulacrum hits you but does no damage. x2
You impale the spriggan defender simulacrum!!
The spriggan defender simulacrum is heavily damaged.
The spriggan defender simulacrum closely misses you.
The spriggan defender simulacrum hits you but does no damage.
You hit the spriggan defender simulacrum.
The spriggan defender simulacrum is severely damaged.
The spriggan defender simulacrum closely misses you.
Unknown command.
You miss the spriggan defender simulacrum.
The spriggan defender simulacrum is severely damaged.
The spriggan defender simulacrum hits you.
The spriggan defender simulacrum freezes you!!!
* * * LOW HITPOINT WARNING * * *
Unknown command.
You are too injured to fight recklessly!
Unknown command.
You are too injured to fight recklessly!
You are too injured to fight recklessly!
Unknown command.
Casting: Summon Lightning Spire (mildly dangerous; 4% risk of failure)
Confirm with . or Enter, or press ? or * to list all spells.
The spriggan defender simulacrum closely misses you.
You block the spriggan defender simulacrum's attack.
The spriggan defender simulacrum hits you!
* * * LOW HITPOINT WARNING * * *
The spriggan defender simulacrum freezes you!!
You die... ########## #○○§..#[@# #ZZZ#

##.Z##
#.∩.#
#...#
#...#
...##
##...
#..#


You could see 3 spriggan defender simulacra, an entropy weaver simulacrum and a
friendly animated pearl dragon scales (summoned).

Vanquished Creatures
  Louise (D:15)
  Snorg (D:12)
  A fire dragon (Lair:6)
  A boulder beetle (D:11)
  3 vault guards (D:13)
  2 ogre magi (D:13)
  9 hydras
  3 centaur warriors
  A catoblepas (Lair:6)
  A death knight (D:13)
  4 two-headed ogres
  2 tengu warriors
  3 orc high priests (Orc:2)
  5 death yaks
  A sun demon (Abyss:2)
  2 lindwurms (Lair:4)
  A deep elf archer (D:13)
  3 deep elf pyromancers
  A mana viper (shapeshifter) (D:14)
  A cyclops (D:6)
  2 ugly things
  4 orc sorcerers
  3 manticores (D:13)
  An ice statue (D:13)
  A gargoyle (D:13)
  7 cane toads
  2 black mambas
  3 rime drakes
  A yaktaur (D:13)
  2 kobold demonologists
  A freezing wraith (D:13)
  5 komodo dragons
  A queen bee (Lair:4)
  6 meliai (Lair:4)
  A jumping spider (shapeshifter) (D:14)
  5 trolls
  5 polar bears
  4 raiju
  A hornet (D:8)
  5 slime creatures (D:13)
  11 blink frogs
  A shadow (D:12)
  4 wyverns
  A ynoxinul (Abyss:2)
  2 wraiths
  28 yaks
  3 vampires
  2 basilisks
  A vampire mosquito (D:8)
  Grum (D:8)
  A small abomination (Abyss:2)
  2 steam dragons (Lair:6)
  4 wargs
  An acid dragon (D:8)
  4 hell hounds (Lair:6)
  10 water moccasins
  A swamp drake (Lair:6)
  2 ice beasts (D:13)
  5 black bears
  20 orc warriors
  A sky beast (D:7)
  A hornet zombie (D:9)
  2 necrophages
  23 wolves
  4 ogres
  A tengu (D:8)
  4 centaurs
  11 kobold brigands
  7 bullfrogs
  A wyvern skeleton (D:7)
  20 killer bees
  2 wights (D:8)
  8 nameless horrors
  3 howler monkeys
  2 centaur zombies
  A gnoll shaman (D:8)
  2 iron imps
  A jelly (D:8)
  23 orc priests
  2 hounds (D:4)
  3 iguanas
  24 orc wizards
  2 hell rats (Lair:6)
  A killer bee zombie (D:8)
  A hound skeleton (D:4)
  4 gnolls
  3 adders
  A shadow imp (D:6)
  5 white imps (D:13)
  An ufetubus (D:7)
  An adder skeleton (D:4)
  A worm (D:2)
  5 dart slugs
  52 orcs
  A bat (D:2)
  2 endoplasms (D:3)
  A giant cockroach (D:4)
  A hobgoblin (D:3)
  A jackal (D:3)
  13 kobolds
  4 quokkas
  3 ball pythons
  A frilled lizard (D:2)
  3 goblins
  3 rats
466 creatures vanquished.

Vanquished Creatures (collateral kills)
  Rupert (D:12)
  Frances (D:13)
  Agnes (D:14)
  A boulder beetle (D:12)
  A vault guard (D:13)
  4 centaur warriors
  10 hydras
  2 catoblepae
  An anaconda (Lair:6)
  A tengu warrior (D:14)
  2 death yaks
  2 orc high priests
  A fire crab (Lair:4)
  A swamp dragon (Lair:6)
  A phantasmal warrior (D:13)
  4 orc knights
  A cyclops (D:13)
  2 black mambas (Lair:6)
  9 cane toads
  A rime drake (Lair:6)
  A freezing wraith (D:14)
  A komodo dragon (Lair:4)
  A meliai (Lair:4)
  7 polar bears (Lair:6)
  2 trolls
  2 blink frogs (Lair:6)
  2 raiju (Lair:6)
  4 slime creatures (D:13)
  A wyvern (D:10)
  A large abomination (Abyss:2)
  3 wraiths
  27 yaks
  4 basilisks
  2 swamp worms (Lair:2)
  3 wargs
  6 water moccasins
  5 acid dragons
  8 hell hounds (Lair:6)
  A nameless horror (D:13)
  10 orc warriors
  A sky beast (D:8)
  A necrophage (D:6)
  An ogre (D:10)
  11 wolves
  7 black bears (Lair:6)
  A centaur (D:14)
  4 kobold brigands (D:9)
  2 bullfrogs
  A gnoll sergeant (D:13)
  3 scorpions
  A wyvern skeleton (D:7)
  21 killer bees
  A howler monkey (D:6)
  A wight (D:8)
  A jelly (D:6)
  The ghost of ipx the Firebug, a weakling DEFE (D:4)
  2 bullfrog skeletons (D:6)
  7 orc priests (Orc:2)
  3 iguanas (D:5)
  7 orc wizards
  4 hell rats
  2 gnolls (D:4)
  A howler monkey skeleton (D:5)
  6 adders
  A river rat (D:4)
  A white imp (D:5)
  4 worms
  A dart slug (D:1)
  15 orcs
  3 ball pythons
  A bat (D:1)
  3 giant cockroaches
  4 goblins
  3 hobgoblins
  6 jackals
  7 kobolds
  2 quokkas (D:2)
  5 frilled lizards
  3 rats
287 creatures vanquished.

Vanquished Creatures (others)
  2 boulder beetles
  A death yak (D:7)
  A basilisk (Lair:6)
  An acid dragon (D:8)
  A killer bee (Lair:4)
  33 fungi
  57 plants
96 creatures vanquished.

Grand Total: 849 creatures vanquished

Notes
Turn   | Place    | Note
-------+----------+-------------------------------------------
     0 | D:1      | tilp the Barachi Summoner began the quest for the Orb.
     0 | D:1      | Reached XP level 1. HP: 13/13 MP: 3/3
    34 | D:1      | Reached skill level 1 in Fighting
   413 | D:1      | Found a faded altar of an unknown god.
   457 | D:1      | Reached XP level 2. HP: 19/22 MP: 1/5
   522 | D:1      | Learned a level 2 spell: Call Imp
   559 | D:1      | Reached skill level 5 in Summonings
  1265 | D:2      | Reached XP level 3. HP: 16/27 MP: 1/6
  1483 | D:2      | Learned a level 3 spell: Call Canine Familiar
  2702 | D:3      | Reached XP level 4. HP: 30/33 MP: 8/8
  3062 | D:3      | Reached skill level 6 in Summonings
  3318 | D:3      | Found an iron altar of Okawaru.
  3384 | D:3      | Became a worshipper of Warmaster Okawaru
  3611 | D:3      | Found a sacrificial altar of Ru.
  4140 | D:4      | Reached skill level 1 in Evocations
  4140 | D:4      | Reached XP level 5. HP: 35/39 MP: 5/9
  4174 | D:4      | Noticed an orc warrior
  4257 | D:4      | Found a runed translucent door.
  4445 | D:4      | Noticed ipx's ghost (weakling DEFE)
  4857 | D:4      | You fall into a shaft and drop 2 floors!
  4909 | D:6      | Reached XP level 6. HP: 36/47 MP: 2/10
  4948 | D:6      | Reached * piety under Okawaru
  5027 | D:6      | Noticed a necrophage
  5038 | D:6      | Killed a necrophage
  5173 | D:6      | Found a hazy altar of Hepliaklqana.
  5221 | D:6      | Found a bloodstained altar of Trog.
  5454 | D:5      | Entered Level 5 of the Dungeon
  5482 | D:5      | Found a snail-covered altar of Cheibriados.
  5613 | D:5      | Reached XP level 7. HP: 53/53 MP: 7/11
  5617 | D:5      | Learned a level 3 spell: Summon Guardian Golem
  5620 | D:5      | Found a glowing silver altar of Zin.
  6112 | D:4      | Reached ** piety under Okawaru
  6286 | D:4      | Found a staircase to the Ecumenical Temple.
  6405 | D:4      | Found a runed translucent door.
  6605 | D:4      | Killed ipx's ghost
  7093 | D:5      | Reached skill level 1 in Invocations
  7277 | D:5      | Found Akloheck's Mass Market.
  7342 | D:5      | Found a shimmering blue altar of Sif Muna.
  7608 | D:6      | Found an opulent altar of Gozag.
  7851 | D:6      | Found a hide-covered altar of Uskayaw.
  7919 | D:6      | Noticed a cyclops
  7936 | D:6      | Killed a cyclops
  7937 | D:6      | Reached skill level 5 in Fighting
  7937 | D:6      | Reached XP level 8. HP: 63/63 MP: 1/12
  8204 | D:6      | Found an ancient bone altar of Kikubaaqudgha.
  8428 | D:7      | Identified the +9 flail "Tokkouvu" {freeze, rF- Dex+6}
  8899 | D:7      | Reached *** piety under Okawaru
  8953 | D:7      | Found a glowing golden altar of the Shining One.
  8953 | D:7      | Found a white marble altar of Elyvilon.
  9473 | D:8      | Reached skill level 7 in Summonings
  9473 | D:8      | Reached XP level 9. HP: 69/69 MP: 12/15
  9519 | D:8      | Reached skill level 5 in Invocations
  9538 | D:8      | Noticed Grum
  9547 | D:8      | Killed Grum
  9799 | D:8      | Noticed a two-headed ogre
  9806 | D:8      | Noticed Maurice
  9808 | D:8      | Noticed Maurice
  9808 | D:8      | Maurice changed into Maurice the tengu
  9817 | D:8      | Killed Maurice the tengu
  9911 | D:8      | Killed a two-headed ogre
  9911 | D:8      | Reached **** piety under Okawaru
  9912 | D:8      | Reached skill level 8 in Summonings
  9912 | D:8      | Reached skill level 9 in Summonings
  9927 | D:8      | Learned a level 4 spell: Summon Lightning Spire
 10171 | D:8      | Reached skill level 10 in Summonings
 10171 | D:8      | Reached skill level 1 in Air Magic
 10369 | D:8      | Noticed a death yak
 10399 | D:8      | Killed a death yak
 10400 | D:8      | Reached skill level 5 in Spellcasting
 10400 | D:8      | Reached XP level 10. HP: 34/76 MP: 9/17
 10534 | D:8      | Paralysed by a hornet for 1 turns
 10585 | D:8      | Noticed a death yak
 10586 | D:8      | Noticed a death yak
 10586 | D:8      | Noticed a death yak
 10587 | D:8      | Found a staircase to the Lair.
 11033 | D:7      | Killed a death yak
 11415 | D:8      | Killed a death yak
 11416 | D:8      | Reached skill level 11 in Summonings
 11421 | D:8      | Killed a death yak
 11739 | D:8      | Noticed a seven-headed hydra
 11739 | D:8      | Noticed a centaur warrior
 11750 | D:8      | Killed a centaur warrior
 11750 | D:8      | Reached ***** piety under Okawaru
 11751 | D:8      | Reached skill level 12 in Summonings
 11825 | D:8      | Killed a seven-headed hydra
 11985 | D:8      | Noticed a boulder beetle
 12130 | D:9      | Noticed a white ugly thing
 12140 | D:9      | Killed a white ugly thing
 12319 | D:9      | Reached XP level 11. HP: 79/84 MP: 20/20
 13748 | D:9      | Identified the +1 ring mail of Demons {*Corrode Int+3 Dex+4
                  | SInv}
 13929 | D:10     | Entered Level 10 of the Dungeon
 14089 | D:10     | Found an ornate altar of the Wu Jian Council.
 14551 | D:10     | Received a gift from Okawaru
 14897 | D:10     | Reached skill level 5 in Dodging
 15429 | D:10     | Found a staircase to the Orcish Mines.
 16501 | D:11     | Noticed a two-headed ogre
 16520 | D:11     | Reached ****** piety under Okawaru
 16521 | D:11     | Reached skill level 10 in Fighting
 16527 | D:11     | Killed a two-headed ogre
 16527 | D:11     | Received a gift from Okawaru
 16789 | D:11     | Noticed a boulder beetle
 16917 | D:11     | Killed a boulder beetle
 17140 | D:11     | Reached skill level 5 in Maces & Flails
 17374 | Lair:1   | Entered Level 1 of the Lair of Beasts
 17456 | Lair:1   | Reached XP level 12. HP: 94/97 MP: 15/21
 17921 | Lair:1   | Noticed a seven-headed hydra
 18341 | Lair:1   | Killed a seven-headed hydra
 18341 | Lair:1   | Received a gift from Okawaru
 18892 | Lair:1   | Identified the +8 dagger "Suilats" {antimagic, rC+ rCorr}
 19192 | Lair:2   | Noticed a six-headed hydra
 19209 | Lair:2   | Killed a six-headed hydra
 19330 | Lair:2   | Found a staircase to the Snake Pit.
 19337 | Lair:2   | Noticed a five-headed hydra
 19346 | Lair:2   | Killed a five-headed hydra
 19346 | Lair:2   | Received a gift from Okawaru
 19398 | Lair:2   | Reached skill level 13 in Summonings
 19660 | Lair:2   | Noticed a six-headed hydra
 20040 | Lair:2   | Noticed an eight-headed hydra
 20050 | Lair:2   | Killed a six-headed hydra
 20537 | Lair:2   | Killed an eight-headed hydra
 20680 | Lair:2   | Found a staircase to the Swamp.
 20935 | Lair:3   | Found a transporter.
 20940 | Lair:3   | Noticed a death yak
 20943 | Lair:3   | Noticed a death yak
 20947 | Lair:3   | Noticed Hyuhua's ghost (journeyman MiBe)
 20955 | Lair:3   | Found a transporter.
 21033 | Lair:3   | Noticed a five-headed hydra
 21064 | Lair:3   | Noticed a six-headed hydra
 21073 | Lair:3   | Reached skill level 14 in Summonings
 21077 | Lair:3   | Killed a six-headed hydra
 21152 | Lair:3   | Noticed a four-headed hydra
 21160 | Lair:3   | Killed a four-headed hydra
 21736 | Lair:4   | Noticed a seven-headed hydra
 21754 | Lair:4   | Killed a seven-headed hydra
 22033 | Lair:4   | Identified the +0 pearl dragon scales of Jiroucw {rPois rF+
                  | rN+ Stlth+} (Okawaru gifted it to you on level 4 of the
                  | Lair of Beasts)
 22033 | Lair:4   | Received a gift from Okawaru
 22419 | Lair:4   | Reached skill level 15 in Summonings
 22609 | Lair:4   | Gained mutation: You can hop long distances. [Barachi
                  | growth]
 22609 | Lair:4   | Reached XP level 13. HP: 98/103 MP: 18/22
 22618 | Lair:4   | Reached skill level 1 in Armour
 24184 | Lair:4   | Received a gift from Okawaru
 24585 | Lair:4   | HP: 5/105 [killer bee (2)]
 25544 | Lair:4   | Got the Compendium of Sinister Curses
 27250 | D:8      | Identified the +5 shortbow of Beogh's Regard {freeze, *Slow
                  | Fly Will+}
 27252 | D:8      | Identified the +5 chain mail of Paoto {Fly Str+5 Int-2
                  | SInv}
 27253 | D:8      | Identified the +0 plate armour "Kurgh" {Int+2 Dex+4}
 27643 | Lair:6   | Entered Level 6 of the Lair of Beasts
 28019 | Lair:5   | Received a gift from Okawaru
 29047 | Lair:6   | Identified the -1 pair of boots of Xir Pie {rF+ rN+}
                  | (Okawaru gifted it to you on level 6 of the Lair of Beasts)
 29047 | Lair:6   | Received a gift from Okawaru
 29139 | Lair:6   | Reached XP level 14. HP: 44/115 MP: 23/23
 29411 | Lair:6   | Reached skill level 10 in Invocations
 29701 | Lair:6   | Found a staircase to the Slime Pits.
 30644 | Lair:6   | Reached skill level 10 in Maces & Flails
 30748 | Lair:6   | Learned a level 4 spell: Animate Armour
 31330 | Lair:6   | Received a gift from Okawaru
 31957 | Lair:6   | Received a gift from Okawaru
 32642 | D:12     | Reached skill level 1 in Shields
 32642 | D:12     | Reached skill level 1 in Earth Magic
 32643 | D:12     | Identified the +5 longbow of Causality {freeze, Contam rC++
                  | Int+8 Dex+3}
 32930 | D:12     | Noticed Rupert
 32970 | D:12     | Killed Rupert
 32987 | D:12     | Received a gift from Okawaru
 33065 | D:12     | Noticed Snorg
 33078 | D:12     | Killed Snorg
 34812 | D:13     | Found a runed translucent door.
 34812 | D:13     | Found a shimmering altar of Xom.
 34812 | D:13     | Noticed Maiqeb's ghost (journeyman TeSu)
 34998 | D:13     | Noticed Frances
 35006 | D:13     | Killed Frances
 35006 | D:13     | Identified the +0 pair of boots "Irghyustre" {rN+ Will+
                  | Str+5 Slay-2} (Okawaru gifted it to you on level 13 of the
                  | Dungeon)
 35006 | D:13     | Received a gift from Okawaru
 35007 | D:13     | Identified the ring of Foiloj {rN+ Int+3 Dex+4 SInv Stlth+}
 35884 | D:13     | Reached XP level 15. HP: 68/120 MP: 18/27
 36313 | D:13     | Reached skill level 5 in Evocations
 36762 | D:13     | Identified the +1 dagger of Jewas {vorpal, rPois rF+ Dex+3
                  | Stlth+}
 36960 | Orc:1    | Entered Level 1 of the Orcish Mines
 37310 | D:10     | Received a gift from Okawaru
 38257 | Orc:2    | Entered Level 2 of the Orcish Mines
 38274 | Orc:2    | Found a staircase to the Elven Halls.
 38431 | Orc:2    | Noticed Sonja
 38432 | Orc:2    | Noticed Sonja
 38432 | Orc:2    | Sonja changed into Sonja the basilisk
 38439 | Orc:2    | Killed Sonja the basilisk
 39143 | Orc:2    | Identified the +8 storm dragon scales "Otouk" {rElec rPois
                  | Stlth+} (Okawaru gifted it to you on level 2 of the Orcish
                  | Mines)
 39143 | Orc:2    | Received a gift from Okawaru
 39308 | Orc:2    | Found Morifa's Weapon Boutique.
 39308 | Orc:2    | Found Rarur's Antique Armour Shop.
 39309 | Orc:2    | Found Obaawk's Assorted Antiques.
 39313 | Orc:2    | Found Uleutu's Antique Weapon Boutique.
 40645 | D:13     | Reached skill level 5 in Air Magic
 40737 | D:13     | Found a gate to the Vaults.
 40945 | D:13     | Reached skill level 5 in Earth Magic
 41895 | D:14     | Noticed Agnes
 41900 | D:14     | Killed Agnes
 42812 | D:14     | Found a transporter.
 42812 | D:14     | Identified the +6 great mace "Uqas" {freeze, rN+ Str-4
                  | Dex+3}
 42812 | D:14     | Noticed a frost giant
 42825 | D:14     | Noticed bmj180's ghost (journeyman DrCj)
 42880 | D:14     | Found a transporter.
 43142 | D:14     | Found a shadowy altar of Dithmenos.
 43587 | D:15     | Entered Level 15 of the Dungeon
 43610 | D:15     | Found a frozen archway.
 43610 | D:15     | Noticed Louise
 43612 | D:15     | Cast into level 2 of the Abyss (Louise)
 43640 | Abyss:2  | Found a corrupted altar of Lugonu.
 43692 | Abyss:2  | Identified the +0 pair of gloves of Parlour Games {Fly rC+
                  | rCorr} (Okawaru gifted it to you on level 2 of the Abyss)
 43692 | Abyss:2  | Received a gift from Okawaru
 43749 | D:15     | Escaped the Abyss
 43767 | D:15     | Killed Louise
 43774 | IceCv    | Entered an ice cave
 43782 | IceCv    | Mangled by a spriggan defender simulacrum

Illustrated notes

Levels and vault maps discovered:
D:1:      wander_arrival_peaceful_grave, layout_rooms,
          ebering_ecumenical_altar_hall
D:2:      layout_basic
D:3:      layout_loops_cross, old_standard_altar, lemuel_tele_altar
D:4:      layout_rooms, minmay_temple_entry_fiery, ebering_ghost_sewer_f
D:5:      layout_basic, nicolae_overflow_crystal_walls, slow_altar_1,
          lemuel_coloured_pillars_altar, minmay_shop_mass
D:6:      layout_gridville, old_standard_altar,
          chequers_temple_overflow_statue_of_worship, old_standard_altar,
          trog_three_pillars_becter
D:7:      layout_basic, gammafunk_temple_overflow_elements,
          kennysheep_cross_room, kb_lookout_dungeons_type
D:8:      minmay_the_grid_triangle_9x9_rhombus_thin
          [minmay_the_grid_triangle_9x9_warning,
          minmay_the_grid_triangle_9x9_prize_center,
          minmay_the_grid_triangle_9x9_stretched_checkered,
          minmay_the_grid_triangle_9x9_semitri], layout_rooms,
          dpeg_lair_monsters, hangedman_minor_gate_pass, uniq_maurice, uniq_grum
D:9:      layout_roguey [special_room_kobold]
D:10:     layout_long_grid, kennysheep_little_box, david_orc_2,
          bh_walls_and_bars
D:11:     layout_loops_ring, grunt_ogre_cave
D:12:     minmay_wavy_crystal, layout_irregular_city, uniq_snorg, uniq_rupert
D:13:     minmay_connected_boxes_in_corner, layout_loops_cross,
          grunt_vaults_entry_fortified, ebering_ghost_xom, ice2_lemuel,
          uniq_frances
D:14:     layout_basic, gammafunk_ghost_smash, grunt_dithmenos_smoke, uniq_agnes
D:15:     gammafunk_enter_depths_forms, layout_stronghold, enter_trove_5,
          serial_ice, serial_ice_e, serial_ice_m, serial_ice_a, serial_ice_g,
          portal_ice_cave_entry_pillars_four, hangedman_decor_lopped,
          kennysheep_okawaru_gauntlet, uniq_louise
Lair:1:   layout_long_grid
Lair:2:   layout_roguey, palyth_hydra_swamp_entry
Lair:3:   layout_regular_city, nzn_ghost_randoct, minivault_25,
          serial_bayou_pond_e
Lair:4:   regret_index_combs_of_tragedy, layout_loops_ring,
          chequers_serial_rivers_micro_d, grunt_megastairs_4,
          serial_bayou_shore_b, lemuel_fruit_tree, minmay_lair_oklob_chamber,
          lemuel_fruit_fields
Lair:5:   layout_cave_pods
Lair:6:   guppyfry_lair_end_dragon, layout_hall_layers,
          hangedman_lair_caniforms_friends, minmay_slime_entry_oklob_open,
          serial_bayou_pond_e
Orc:1:    layout_caves
Orc:2:    st_orc_mages, layout_caves, uniq_sonja, uniq_azrael, uniq_saint_roka
IceCv:    ice_cave_caverns_02

Skill      XL: |  1  2  3  4  5  6  7  8  9 10 11 12 13 14 15 |
---------------+----------------------------------------------+-----
Fighting       | 1 2 3 5 6 7 10 12 | 12.0
Summonings     | 5 6 7 10 12 15 | 15.5
Spellcasting   | 3 4 5 6 8 |  8.0
Stealth        | 2 3 4 |  4.0
Evocations     | 1 2 4 7 |  7.2
Dodging        | 3 4 6 8 |  8.0
Invocations    | 4 6 8 9 10 11 | 11.0
Air Magic      | 3 4 6 |  6.0
Maces & Flails | 5 8 12 | 12.0
Armour         | 4 |  4.0
Shields        | 4 |  4.0
Earth Magic    | 4 5 |  5.7

Action                   |  1- 3 |  4- 6 |  7- 9 | 10-12 | 13-15 || total
-------------------------+-------+-------+-------+-------+-------++-------
Melee: Dagger            |    99 |   208 |   119 |       |       ||   426
       Flail             |       |       |    94 |   343 |       ||   437
       Punch             |       |       |       |     2 |       ||     2
       Dire flail        |       |       |       |   160 |   934 ||  1094
       Eveningstar       |       |       |       |       |   476 ||   476
Throw: Dart              |       |       |     1 |     1 |       ||     2
 Cast: Summon Small Mamm |    21 |       |     1 |       |       ||    22
       Call Imp          |    26 |    36 |    30 |    33 |     9 ||   134
       Call Canine Famil |       |    10 |    24 |    64 |    47 ||   145
       Summon Guardian G |       |       |     2 |     8 |     7 ||    17
       Summon Lightning  |       |       |     1 |    53 |    85 ||   139
       Animate Armour    |       |       |       |       |    81 ||    81
Invok: Heroism           |       |       |     6 |    12 |    35 ||    53
       Finesse           |       |       |       |       |     1 ||     1
 Abil: Hop               |       |       |     2 |     8 |    14 ||    24
Evoke: Wand              |       |       |     8 |     6 |     4 ||    18
       Condenser vane    |       |       |       |     1 |     1 ||     2
  Use: Scroll            |     3 |     4 |     9 |    12 |     9 ||    37
       Potion            |     1 |       |       |     1 |     3 ||     5
 Stab: Sleeping          |     3 |       |       |     2 |     2 ||     7
       Distracted        |     1 |     5 |     2 |    12 |    19 ||    39
       Confused          |       |       |       |       |     2 ||     2
Armor: Robe              |    22 |     1 |       |       |       ||    23
       Ring mail         |       |    71 |    28 |       |       ||    99
       Leather armour    |       |       |    54 |   201 |       ||   255
       Pearl dragon scal |       |       |       |    36 |   839 ||   875
Dodge: Dodged            |    77 |   163 |   228 |   567 |  1125 ||  2160
Block: Buckler           |       |       |       |       |   218 ||   218

Table legend: (Time is in decaauts)
 A = Elapsed time spent in this place.
 B = Non-inter-level travel time spent in this place.
 C = Inter-level travel time spent in this place.
 D = Time resting spent in this place.
 E = Time spent auto-exploring this place.
 F = Levels seen in this place.
 G = Mean time per level.
                   A        B        C        D        E       F      G
               +--------+--------+--------+--------+--------+-----+--------+
         Total |  47114 |  44451 |   2663 |  15070 |  21604 |  25 | 1884.6 |
       Dungeon |  28848 |  27194 |   1654 |   9387 |  13279 |  15 | 1923.2 |
          Lair |  15352 |  14443 |    909 |   4957 |   7149 |   6 | 2558.7 |
  Orcish Mines |   2753 |   2654 |     99 |    725 |   1175 |   2 | 1376.5 |
         Abyss |    152 |    152 |      0 |      0 |      0 |   1 |  152.0 |
      Ice Cave |      6 |      6 |      0 |      0 |      0 |   1 |    6.0 |
               +--------+--------+--------+--------+--------+-----+--------+

Top non-repeatable levels by time:
    D:13: 5041 daAuts
  Lair:6: 4336 daAuts
  Lair:4: 3580 daAuts
     D:8: 2825 daAuts
     D:9: 2630 daAuts
    D:10: 2434 daAuts
  Lair:2: 2031 daAuts
  Lair:3: 2012 daAuts
    D:12: 1990 daAuts
     D:3: 1931 daAuts
     D:7: 1885 daAuts
  Lair:1: 1800 daAuts
     D:2: 1740 daAuts
   Orc:2: 1624 daAuts
     D:4: 1595 daAuts
